 Dungeon Crawl Stone Soup version 0.30-a0-930-gb9d0489357 (webtiles) character file.

Game seed: 8218063806698035439

265 mopl the Sneak (level 5, -1/38 HPs)
             Began as a Draconian Enchanter on Mar 23, 2023.
             Splashed by a jelly's acid (2 damage)
             ... on level 4 of the Dungeon.
             The game lasted 00:04:19 (2821 turns).

mopl the Sneak (Draconian Enchanter)                Turns: 2821, Time: 00:04:20

Health: -1/38      AC: 12    Str: 11    XL:     5   Next: 99%
Magic:  1/10       EV: 17    Int: 17    God:
Gold:   227        SH:  0    Dex: 11    Spells: 2/10 levels left

rFire   . . .      SeeInvis .    b - +1 short sword (protect)
rCold   . . .      Faith    .    (no shield)
rNeg    . . .      Spirit   .    (body armour unavailable)
rPois   .          Reflect  .    (helmet restricted)
rElec   .          Rampage  .    (no cloak)
rCorr   .                        (no gloves)
Will    .....                    (no boots)
Stlth   ++                       (no amulet)
HPRegen 0.26/turn                n - +5 ring of evasion
MPRegen 0.12/turn                (no ring)

@: under a protective aura
A: AC +5, unfitting armour, cold-blooded
a: no special abilities


You were on level 4 of the Dungeon.
You visited 1 branch of the dungeon, and saw 4 of its levels.

You collected 227 gold pieces.

Inventory:

Hand Weapons
 a - a +1 dagger
 b - a +1 short sword of protection (weapon)
Jewellery
 n - a +5 ring of evasion (left hand)
Scrolls
 c - a scroll of noise {unknown}
 f - 2 scrolls of identify {unknown}
 g - 2 scrolls of immolation {unknown}
 l - a scroll of poison {unknown}
 o - a scroll of fear {unknown}
 p - 2 scrolls of amnesia {unknown}
 r - a scroll of enchant armour {unknown}
Potions
 d - a potion of ambrosia {unknown}
 e - 2 potions of invisibility
 h - 3 potions of berserk rage {unknown}
 i - a potion of attraction {unknown}
 j - 2 potions of heal wounds {unknown}
 k - a potion of magic {unknown}
 m - 3 potions of curing {unknown}
 q - a potion of flight {unknown}


   Skills:
 + Level 3.0 Short Blades
 - Level 1.7 Dodging
 + Level 4.0 Stealth
 + Level 3.3 Spellcasting
 + Level 3.8 Hexes


You had 2 spell levels left.
You knew the following spells:

 Your Spells              Type           Power      Damage    Failure   Level
a - Dazzling Flash        Conj/Hex       18%        N/A       22%         3
b - Ensorcelled Hibernat  Hex/Ice        18%        N/A       12%         2
c - Confusing Touch       Hex            15%        N/A       11%         3

Your spell library contained the following spells:

 Spells                   Type           Power      Damage    Failure   Level
 Tukima's Dance           Hex            15%        N/A       11%         3


Dungeon Overview and Level Annotations

Branches:
Dungeon (4/15)
 Temple: D:4-7

Altars:

Shops:
D:1 :


Innate Abilities, Weirdness & Mutations

Your plain brown scales are hard. (AC +5)
You cannot fit into any form of body armour.
You are cold-blooded and may be slowed by cold attacks.


Message History

You impale the adder!!
You kill the adder!
The jelly attacks as you move away! The jelly closely misses you.
The jelly resists with significant effort.
The jelly hits you but does no damage.
You aren't carrying any items that you can evoke.
Unknown command.
Your +1 short sword of protection hums with potential!
b - a +1 short sword of protection (weapon)
The jelly closely misses you.
You hit the jelly.
Your weapon exudes an aura of protection.
Your hands burn!
You tail-slap the jelly, but do no damage.
The jelly is lightly wounded.
The jelly hits you but does no damage.
You hit the jelly.
Your hands burn!
The jelly is moderately wounded.
You hit the jelly.
Your hands burn!
You tail-slap the jelly.
The jelly is severely wounded.
The jelly hits you.
You are splashed with acid!
You barely miss the jelly.
The jelly is severely wounded.
The jelly hits you.
You are splashed with acid!
* * * LOW HITPOINT WARNING * * *
You hit the jelly.
Your hands burn!
* * * LOW HITPOINT WARNING * * *
The jelly is severely wounded.
The jelly completely misses you.
You aren't carrying any items that you can evoke.
Okay, then.
You hit the jelly.
Your hands burn!
* * * LOW HITPOINT WARNING * * *
The jelly is almost dead.
The jelly barely misses you.
You barely miss the jelly.
The jelly is almost dead.
The jelly barely misses you.
You hit the jelly.
Your hands burn!
You die...

###### ....# #...# #
..<# #### .# ..# .....
.# #.# .... .. ..#
#†#...
....#####..#####.#.#####
.......<......@J........
....###.#..#####.#.#####
# #.#..# #.#.#
###.###)#..# ###.# #
.......)#..# #...#
###.###....###.###
#).........#
#...####.#.#
#...##...#.#


You could see a jelly.

Vanquished Creatures
  3 orc priests
  An orc wizard (D:3)
  5 adders
  3 worms (D:2)
  3 dart slugs
  19 orcs
  7 endoplasms
  6 giant cockroaches
  8 goblins
  2 hobgoblins
  4 kobolds
  A quokka (D:1)
  4 ball pythons
  7 bats
  A frilled lizard (D:2)
  2 rats
76 creatures vanquished.

Vanquished Creatures (others)
  A plant (D:1)
1 creature vanquished.

Grand Total: 77 creatures vanquished

Notes
Turn   | Place    | Note
-------+----------+-------------------------------------------
     0 | D:1      | mopl the Draconian Enchanter began the quest for the Orb.
     0 | D:1      | Reached XP level 1. HP: 14/14 MP: 3/3
   190 | D:1      | Reached XP level 2. HP: 20/20 MP: 5/5
   193 | D:1      | Learned a level 2 spell: Ensorcelled Hibernation
   246 | D:1      | Found Qysigism's Book Boutique.
   273 | D:1      | Reached skill level 3 in Stealth
   365 | D:1      | Reached skill level 3 in Hexes
   929 | D:2      | Reached XP level 3. HP: 26/26 MP: 6/6
   939 | D:2      | Learned a level 3 spell: Confusing Touch
  1504 | D:2      | Reached skill level 2 in Short Blades
  1585 | D:2      | Reached XP level 4. HP: 33/33 MP: 7/7
  1897 | D:3      | Learned a level 3 spell: Dazzling Flash
  1959 | D:2      | Reached XP level 5. HP: 34/38 MP: 1/9
  2043 | D:2      | Reached skill level 3 in Spellcasting
  2737 | D:4      | Reached skill level 3 in Short Blades
  2737 | D:4      | Reached skill level 4 in Stealth
  2819 | D:4      | HP: 1/38 [acid (4)]
  2821 | D:4      | Splashed by a jelly's acid

Illustrated notes

Levels and vault maps discovered:
D:1:      saegor_arrival_miasma, layout_basic, serial_shops, shop,
          serial_forest, infiniplex_forest_lined_1,
          infiniplex_forest_straight_1, infiniplex_forest_end_1,
          infiniplex_forest_clump_cross, infiniplex_forest_clump_long
D:2:      cheibrodos_pilgrimage, layout_basic, kennysheep_generic_room_5
D:3:      layout_rooms
D:4:      layout_basic, dreamdust_mushroom_princess, kennysheep_generic_room_9,
          uniq_edmund

Skill      XL: |  1  2  3  4  5 |
---------------+----------------+-----
Stealth        | 3 4 |  4.0
Hexes          | 3 |  3.8
Short Blades   | 2 3 |  3.0
Spellcasting   | 3 |  3.3
Dodging        | |  1.7

Action                     |  1- 3 |  4- 6 || total
---------------------------+-------+-------++-------
  Melee: Dagger            |    22 |    60 ||    82
         Tailslap          |    22 |    12 ||    34
         Punch             |     5 |     2 ||     7
         Short sword       |   132 |    44 ||   176
   Cast: Ensorcelled Hiber |       |    31 ||    31
   Stab: Sleeping          |     5 |    22 ||    27
 Armour: Skin              |    60 |    23 ||    83
  Dodge: Dodged            |    70 |    98 ||   168

Table legend: (Time is in decaauts)
 A = Elapsed time spent in this place.
 B = Non-inter-level travel time spent in this place.
 C = Inter-level travel time spent in this place.
 D = Time resting spent in this place.
 E = Time spent auto-exploring this place.
 F = Levels seen in this place.
 G = Mean time per level.
                   A        B        C        D        E       F      G
               +--------+--------+--------+--------+--------+-----+--------+
         Total |   2798 |   2701 |     97 |    392 |   1684 |   4 |  699.5 |
       Dungeon |   2798 |   2701 |     97 |    392 |   1684 |   4 |  699.5 |
               +--------+--------+--------+--------+--------+-----+--------+

Top non-repeatable levels by time:
     D:2: 1291 daAuts
     D:1: 708 daAuts
     D:3: 702 daAuts
     D:4: 97 daAuts
